 Dungeon Sprint DCSS version 0.22-a0-388-g09e6169d0a (webtiles) character file.

22604 Laan the Severer (level 13, -3/93 HPs)
             Began as a Gargoyle Fighter on Apr 30, 2018.
             Was the Champion of Makhleb.
             Slain by Frances
             ... wielding a +0 battleaxe
              (45 damage)
             ... in the Dungeon (Sprint IX: "|||||||||||||||||||||||||||||").
             The game lasted 00:11:03 (2159 turns).

Laan the Severer (Gargoyle Fighter)                 Turns: 2159, Time: 00:11:04

Health: -3/93      AC: 37    Str: 35    XL:     13   Next: 1%
Magic:  13/13      EV:  9    Int:  8    God:    Makhleb [******]
Gold:   1668       SH: 16    Dex: 12    Spells: 12/12 levels left

rFire    . . .     SeeInvis .   E - +3 broad axe
rCold    . . .     Gourm    .   c - +0 shield
rNeg     + . .     Faith    .   g - +1 plate armour of the Sky {rElec Str+6} (curse)
rPois    ∞         Spirit   .   r - +2 helmet
rElec    +         Reflect  .   F - +1 cloak
rCorr    .         Harm     .   y - +0 pair of gloves
MR       .....     NoTele   +   l - +0 pair of boots
Stlth    ..........             (no amulet)
HPRegen  0.25/turn              t - +3 ring of dexterity
MPRegen  0.13/turn              u - +3 ring of strength

@: no status effects
A: negative energy resistance 1, electricity resistance, unbreathing,
petrification resistance, rot immunity, AC +9
a: Minor Destruction, Lesser Servant of Makhleb, Major Destruction, Greater
Servant of Makhleb, Renounce Religion


You were in the Dungeon.
You worshipped Makhleb.
Makhleb was exalted by your worship.
You were not hungry.

You visited 1 branch You collected 1924 gold pieces.
You spent 256 gold pieces at shops.

Inventory:

Hand Weapons
 p - a +3 war axe of freezing
 E - a +3 broad axe (weapon)
Missiles
 z - 4 javelins (quivered)
Armour
 c - a +0 shield (worn)
 g - the cursed +1 plate armour of the Sky (worn) {rElec Str+6}
   (You found it in the Dungeon)

   It affects your strength (+6).
   It insulates you from electricity.
   It has a curse placed upon it.
 l - a +0 pair of boots (worn)
 r - a +2 helmet (worn)
 y - a +0 pair of gloves (worn)
 F - a +1 cloak (worn)
Jewellery
 t - a +3 ring of dexterity (left hand)
 u - a +3 ring of strength (right hand)
 A - an uncursed ring of ice
 B - an uncursed ring of protection from fire
 C - an uncursed ring of ice
 D - an uncursed ring of ice
Wands
 o - a wand of iceblast (2)
Scrolls
 k - 4 scrolls of blinking
 m - 4 scrolls of remove curse
 n - 2 scrolls of amnesia
 q - a scroll of enchant armour
 v - 5 scrolls of fear
 w - 2 scrolls of identify
 x - a scroll of fog
Potions
 a - a potion of resistance
 b - 3 potions of brilliance
 d - 2 potions of might
 e - 8 potions of curing
 h - 2 potions of haste
 i - 4 potions of magic
 j - a potion of berserk rage
 s - 3 potions of heal wounds
Comestibles
 f - 12 rations
 G - 16 chunks of flesh


   Skills:
 + Level 16.1 Fighting
 * Level 18.3 Axes
 + Level 16.0 Armour
 + Level 16.1 Shields


You had 12 spell levels left.
You didn't know any spells.

Dungeon Overview and Level Annotations

Branches:
Dungeon (1/1)

Altars:
Cheibriados
Dithmenos
Elyvilon
Fedhas
Gozag
Hepliaklqana
Kikubaaqudgha
Makhleb
Nemelex Xobeh
Okawaru
Qazlal
Ru
Sif Muna
Trog
Uskayaw
Vehumet
Wu Jian
Xom
Yredelemnul
Zin
The Shining One
Beogh
Jiyva
Lugonu

Shops:
D !}:!

Annotations:
D Frances


Innate Abilities, Weirdness & Mutations

You are resistant to torment.
Your stone body is resilient. (AC +9)
You are immune to poison.
You resist negative energy. (rN+)
You are resistant to electric shocks. (rElec)
You can survive without breathing.
You are immune to petrification.
You are immune to rotting.


Message History

Your plate armour of the Sky prevents you from hitting Frances.
Frances is lightly wounded.
Frances chants phrases taken from a devil's mouth.
The shard of ice hits you!
You slash Frances!
Frances is lightly wounded.
Frances drinks a potion.
Frances seems to grow stronger.
You slash Frances!
Frances is moderately wounded.
Frances chants phrases taken from a devil's mouth.
Frances hits you with a battleaxe!!
You slash Frances!
Frances is moderately wounded.
You barely miss Frances.
Frances is moderately wounded.
You block Frances's attack.
You hit Frances but do no damage.
Frances is moderately wounded.
Frances hits you with a battleaxe!!!
You die...

▓▓▓▓▓▓▓▓▓▓▓▓▓▓▓▓▓▓▓▓▓▓▓▓
▓.........).)...@@34....
▓.▓▓▓▓▓▓▓▓▓▓▓▓▓▓▓▓▓▓▓▓▓▓▓▓▓▓▓▓▓▓▓
▓.........'...........))()((.....
▓▓▓▓▓▓▓▓▓▓▓▓▓▓▓▓▓▓▓▓▓▓▓▓▓▓▓▓▓▓▓▓▓
▓((.)..........).................
▓.▓▓▓▓▓▓▓▓▓▓▓▓▓▓▓▓▓▓▓▓▓▓▓▓▓▓▓▓▓▓▓
▓.........'.....∩.∩.∩)∩)))))'....
▓▓▓▓▓▓▓▓▓▓▓▓▓▓▓▓▓▓▓▓▓▓▓▓▓▓▓▓▓▓▓▓▓
▓................................


You could see Frances, a rust devil and a neqoxec.

Vanquished Creatures
  A fire giant (D)
  A stone giant (D)
  A dire elephant (D)
  A rakshasa (D)
  A hydra (D)
  Erica (D)
  A centaur warrior (D)
  A deep troll shaman (D)
  A two-headed ogre (D)
  An ogre mage (D)
  A hell knight (D)
  Urug (D)
  Sonja (D)
  Nergalle (D)
  An unseen horror (D)
  A necromancer (D)
  3 orc knights (D)
  An ugly thing (D)
  5 orc sorcerers (D)
  7 elephants (D)
  2 spiny frogs (D)
  A rime drake (D)
  A komodo dragon (D)
  A meliai (D)
  A slime creature (D)
  2 hippogriffs (D)
  2 yaks (D)
  Eustachio (D)
  A steam dragon (D)
  A basilisk (D)
  2 water moccasins (D)
  2 porcupines (D)
  14 orc warriors (D)
  2 black bears (D)
  A phantom (D)
  2 centaurs (D)
  An ogre (D)
  A wolf (D)
  3 crocodiles (D)
  2 bullfrogs (D)
  A crimson imp (D)
  6 orc wizards (D)
  3 worker ants (D)
  An adder skeleton (D)
  10 orcs (D)
  A bat skeleton (D)
  A hobgoblin (D)
  A kobold (D)
  A quokka (D)
  A ball python zombie (D)
  A goblin (D)
  A jackal skeleton (D)
  2 rats (D)
105 creatures vanquished.

Vanquished Creatures (collateral kills)
  An orc knight (D)
1 creature vanquished.

Grand Total: 106 creatures vanquished

Notes
Turn   | Place    | Note
-------+----------+-------------------------------------------
     0 | D        | Laan the Gargoyle Fighter began the quest for the Orb.
     0 | D        | Reached XP level 1. HP: 14/14 MP: 1/1
     4 | D        | Reached skill level 2 in Axes
    48 | D        | Noticed a centaur
    48 | D        | Noticed a worker ant
    48 | D        | Noticed a worker ant
    48 | D        | Noticed a crimson imp
    69 | D        | Killed a worker ant
    69 | D        | Reached skill level 3 in Axes
    69 | D        | Reached XP level 2. HP: 17/20 MP: 2/2
    69 | D        | Reached XP level 3. HP: 20/24 MP: 3/3
    75 | D        | Reached skill level 4 in Axes
    79 | D        | Reached XP level 4. HP: 14/30 MP: 4/4
    86 | D        | Killed a centaur
    86 | D        | Reached skill level 5 in Fighting
    86 | D        | Reached skill level 6 in Axes
    86 | D        | Reached skill level 5 in Armour
    86 | D        | Reached skill level 5 in Shields
    86 | D        | Reached XP level 5. HP: 11/36 MP: 5/5
   299 | D        | Found a roughly hewn altar of Beogh.
   299 | D        | Found a snail-covered altar of Cheibriados.
   299 | D        | Found a shadowy altar of Dithmenos.
   299 | D        | Found a white marble altar of Elyvilon.
   299 | D        | Found a blossoming altar of Fedhas.
   299 | D        | Found an opulent altar of Gozag.
   300 | D        | Found a hazy altar of Hepliaklqana.
   301 | D        | Found a viscous altar of Jiyva.
   302 | D        | Found an ancient bone altar of Kikubaaqudgha.
   303 | D        | Found a corrupted altar of Lugonu.
   304 | D        | Found a burning altar of Makhleb.
   305 | D        | Found a sparkling altar of Nemelex Xobeh.
   306 | D        | Found an iron altar of Okawaru.
   307 | D        | Found a stormy altar of Qazlal.
   308 | D        | Found a sacrificial altar of Ru.
   309 | D        | Found a deep blue altar of Sif Muna.
   310 | D        | Found a bloodstained altar of Trog.
   311 | D        | Found a hide-covered altar of Uskayaw.
   312 | D        | Became a worshipper of Makhleb the Destroyer
   313 | D        | Found a radiant altar of Vehumet.
   314 | D        | Found an ornate altar of the Wu Jian Council.
   315 | D        | Found a shimmering altar of Xom.
   316 | D        | Found a basalt altar of Yredelemnul.
   317 | D        | Found a glowing silver altar of Zin.
   318 | D        | Found a glowing golden altar of the Shining One.
   373 | D        | Noticed an ogre
   373 | D        | Noticed a phantom
   384 | D        | Killed a phantom
   384 | D        | Reached skill level 7 in Axes
   384 | D        | Reached XP level 6. HP: 40/44 MP: 6/6
   385 | D        | Reached * piety under Makhleb
   391 | D        | Reached skill level 8 in Axes
   392 | D        | Reached ** piety under Makhleb
   521 | D        | Noticed a komodo dragon
   521 | D        | Noticed a purple ugly thing
   521 | D        | Noticed a black bear
   521 | D        | Noticed a slime creature
   526 | D        | Killed a slime creature
   526 | D        | Reached skill level 9 in Axes
   526 | D        | Reached XP level 7. HP: 40/49 MP: 7/7
   532 | D        | Killed a purple ugly thing
   532 | D        | Reached skill level 10 in Axes
   532 | D        | Reached XP level 8. HP: 42/56 MP: 8/8
   549 | D        | Killed an unseen horror
   549 | D        | Reached *** piety under Makhleb
   549 | D        | Reached skill level 10 in Fighting
   549 | D        | Reached skill level 11 in Axes
   549 | D        | Reached skill level 10 in Armour
   549 | D        | Reached skill level 10 in Shields
   562 | D        | Killed a komodo dragon
   562 | D        | Reached XP level 9. HP: 62/63 MP: 9/9
   677 | D        | Noticed a spiny frog
   682 | D        | Noticed a rime drake
   684 | D        | Reached **** piety under Makhleb
   688 | D        | Reached skill level 12 in Axes
   694 | D        | Killed a spiny frog
   705 | D        | Killed a rime drake
   705 | D        | Reached ***** piety under Makhleb
   734 | D        | Noticed a spiny frog
   734 | D        | Noticed a seven-headed hydra
   739 | D        | Reached skill level 13 in Axes
   739 | D        | Reached XP level 10. HP: 70/70 MP: 10/10
   859 | D        | Killed an 11-headed hydra
   865 | D        | Killed a spiny frog
   872 | D        | Reached ****** piety under Makhleb
  1016 | D        | Noticed an elephant
  1016 | D        | Noticed an elephant
  1016 | D        | Noticed an elephant
  1016 | D        | Noticed an elephant
  1016 | D        | Noticed an elephant
  1016 | D        | Noticed a dire elephant
  1031 | D        | Killed a dire elephant
  1031 | D        | Reached skill level 14 in Axes
  1037 | D        | Killed an elephant
  1042 | D        | Noticed an elephant
  1047 | D        | Killed an elephant
  1053 | D        | Killed an elephant
  1053 | D        | Reached XP level 11. HP: 75/78 MP: 11/11
  1073 | D        | Reached skill level 15 in Axes
  1186 | D        | Noticed Urug
  1199 | D        | Killed Urug
  1369 | D        | Noticed an orc sorcerer
  1383 | D        | Noticed a soul eater
  1387 | D        | Paralysed by an orc sorcerer for 7 turns
  1399 | D        | Killed an orc sorcerer
  1611 | D        | Found Ruel Vugh's Distillery.
  1611 | D        | Noticed an orc knight
  1611 | D        | Noticed an orc knight
  1612 | D        | Noticed an orc sorcerer
  1616 | D        | Found Wauxzel's Book Shop.
  1625 | D        | Killed an orc knight
  1625 | D        | Reached skill level 16 in Axes
  1628 | D        | Found Ititom's Gadget Boutique.
  1638 | D        | Noticed an orc sorcerer
  1640 | D        | Killed an orc knight
  1643 | D        | Found Qanil's Distillery.
  1643 | D        | Noticed an orc knight
  1647 | D        | Killed an orc sorcerer
  1648 | D        | Noticed an orc sorcerer
  1652 | D        | Noticed an orc knight
  1653 | D        | Paralysed by an orc sorcerer for 7 turns
  1654 | D        | Noticed an orc sorcerer
  1667 | D        | Killed an orc sorcerer
  1669 | D        | Noticed a soul eater
  1676 | D        | Noticed a soul eater
  1679 | D        | Killed an orc knight
  1702 | D        | Killed an orc sorcerer
  1702 | D        | Reached XP level 12. HP: 59/86 MP: 12/12
  1781 | D        | Bought a potion of heal wounds for 70 gold pieces
  1781 | D        | Bought a potion of might for 56 gold pieces
  1788 | D        | Bought a potion of curing for 39 gold pieces
  1788 | D        | Bought a potion of might for 52 gold pieces
  1788 | D        | Bought a potion of curing for 39 gold pieces
  1804 | D        | Noticed Sonja
  1820 | D        | Killed Sonja
  1829 | D        | Noticed Erica
  1838 | D        | Killed Erica
  1838 | D        | Reached skill level 17 in Axes
  1976 | D        | Got the cursed +1 plate armour of the Sky {rElec Str+6}
  2012 | D        | Noticed a two-headed ogre
  2012 | D        | Noticed an ogre mage
  2019 | D        | Killed an ogre mage
  2019 | D        | Reached skill level 15 in Fighting
  2019 | D        | Reached skill level 15 in Armour
  2019 | D        | Reached skill level 15 in Shields
  2020 | D        | Noticed a centaur warrior
  2024 | D        | Noticed a fire giant
  2026 | D        | Killed a two-headed ogre
  2033 | D        | Noticed a hell knight
  2035 | D        | Noticed a deep troll shaman
  2042 | D        | Killed a fire giant
  2047 | D        | Noticed a rakshasa
  2047 | D        | Killed a centaur warrior
  2049 | D        | Noticed a stone giant
  2056 | D        | Killed a hell knight
  2063 | D        | Killed a deep troll shaman
  2071 | D        | Killed a rakshasa
  2071 | D        | Reached skill level 18 in Axes
  2075 | D        | Killed a stone giant
  2126 | D        | Noticed Nergalle
  2127 | D        | Noticed Eustachio
  2136 | D        | Killed Nergalle
  2136 | D        | Reached XP level 13. HP: 93/93 MP: 13/13
  2141 | D        | Killed Eustachio
  2148 | D        | Noticed Frances
  2159 | D        | Slain by Frances

Vault maps used:
D:        linesprint

Skill      XL: |  1  2  3  4  5  6  7  8  9 10 11 12 |
---------------+-------------------------------------+-----
Axes           | 3 4 6 7 9 10 11 13 14 16 18 | 18.3
Fighting       | 4 5 7 8 9 10 11 13 14 16 | 16.1
Armour         | 4 5 7 8 9 10 11 12 14 16 | 16.0
Shields        | 4 5 7 8 9 10 11 12 14 16 | 16.1

Action                   |  1- 3 |  4- 6 |  7- 9 | 10-12 | 13-15 || total
-------------------------+-------+-------+-------+-------+-------++-------
Melee: War axe           |    41 |    48 |    82 |   265 |       ||   436
       Broad axe         |       |       |       |    72 |    11 ||    83
Throw: Javelin           |       |       |       |     4 |       ||     4
Invok: Lesser Servant of |       |       |       |     2 |       ||     2
Evoke: Wand              |       |       |       |     8 |       ||     8
  Use: Potion            |       |       |       |     9 |       ||     9
       Scroll            |       |       |       |     1 |       ||     1
 Stab: Invisible         |       |       |       |     2 |       ||     2
  Eat: Chunk             |       |       |       |     5 |       ||     5
Armor: Scale mail        |    24 |    11 |       |       |       ||    35
       Chain mail        |       |     7 |    45 |   112 |       ||   164
       Plate armour      |       |       |       |    31 |       ||    31
Dodge: Dodged            |     7 |    12 |    15 |    72 |     2 ||   108
Block: Shield            |    14 |    18 |    36 |   178 |     3 ||   249

Table legend:
 A = Spawn XP
 B = Non-spawn XP
 C = Spawn XP percentage of total XP
 D = Spawn monster count
 E = Non-spawn monster count
 F = Spawn count percentage of total count
 G = Total turns spent on level
                    A         B        C        D         E        F      G
               +---------+---------+-------+---------+---------+-------+---------
         Total |       0 |   32292 |   0.0 |       0 |     106 |   0.0 |  2159
               +---------+---------+-------+---------+---------+-------+---------
             D |       0 |   32292 |   0.0 |       0 |     106 |   0.0 |  2159
               +---------+---------+-------+---------+---------+-------+---------
